AoeStats
← Malelf

Arena

507675711Analyzed
1v1 RM · 14d ago on Sep 19, 2026· 38m 28s· 2 players
Game mode
Random Map
Map size
Tiny (2 player)
Population
200
Speed
Normal
Resources
Standard
Victory
Conquest
Starting age
Dark Age
Ending age
Imperial Age
RankedLock teamsTeams togetherTeam positionsShared explorationLock speedFull tech treeHidden civsTurbo modeCheats
Victory
Defeat
🇮🇹 Poles · Italy
1680
+14
🇮🇳 Hindustanis · India
1627
-14
Justin Credible
10:15 Feudal Age
14:12 Castle Age
12:08 Double-Bit Axe
12:30 Horse Collar
18:23 Wheelbarrow
17:58 Loom
24:26 Hand Cart
28:24 Imperial Age
26:06 Grand Trunk Road
26:07 Gold Mining
26:52 Scale Barding Armor
27:09 Bloodlines
27:16 Forging
27:30 Bow Saw
27:28 Husbandry
28:10 Gold Shaft Mining
28:32 Chain Barding Armor
28:31 Town Watch
28:28 Heavy Camel Rider
29:33 Conscription
30:14 Plate Barding Armor
32:07 Iron Casting
31:47 Imperial Camel Rider
38:53 Blast Furnace
Malelf
11:00 Feudal Age
14:50 Castle Age
12:46 Double-Bit Axe
12:58 Horse Collar
14:56 Light Cavalry
16:06 Forging
20:52 Wheelbarrow
23:27 Bow Saw
23:18 Heavy Plow
24:41 Gold Mining
27:49 Imperial Age
25:23 Stone Mining
25:50 Hand Cart
25:21 Loom
27:35 Stone Shaft Mining
27:41 Bloodlines
27:32 Husbandry
27:27 Fletching
29:40 Chemistry
29:12 Crop Rotation
28:50 Bodkin Arrow
29:16 Siege Engineers
29:21 Scale Barding Armor
29:52 Iron Casting
30:47 Scale Mail Armor
30:48 Bracer
31:21 Ballistics
32:35 Chain Barding Armor
33:16 Blast Furnace
32:33 Masonry
33:14 Pikeman
33:55 Squires
34:15 Chain Mail Armor
34:03 Murder Holes
34:23 Padded Archer Armor
34:14 Elite Obuch
35:14 Conscription
34:22 Capped Ram
34:31 Capped Ram
35:51 Hoardings
35:40 Conscription
35:12 Town Watch
35:34 Arson
37:14 Plate Mail Armor
36:06 Crossbowman
36:51 Thumb Ring
37:32 Siege Ram
Connection lost

Rejoining the realm…

Still unreachable

The connection could not be restored.

Session expired

The server has moved on; the page needs a fresh start.